cohdb
Replays
Latest Replays
All Replays
Popular Replays
Top Player Replays
Match Explorer
How It Works
Community
CoH3 Stats
Reddit
Sign in to upload your games and track your stats! →
Sign in with Steam
Match 45889548
Unlisted
Match 45889548
Overview
Messages
Build Orders
End
250 Light Carrier
Panzerpioneer Squad
Selects Armored Support Battlegroup
250 Light Carrier
Construct Light Support Kompanie
Selects Veteran Gunners
Combat Half-tracks
250 Light Carrier
Construct Mechanized Kompanie
8 Rad Armored Car
Assault Mechanized Group
Vehicle Survival Package
Tungsten Core Ammunition
Selects Flammpanzer III Medium Tank
Flammpanzer III Medium Tank
Construct Panzerarmee Kommand
Assault Mechanized Group
Support Armor Elements
Panzergrenadier Squad
Walking Stuka Rocket Launcher
Pak 38 Anti-tank Gun Team
Panzer III L Medium Tank
Armored Reserves
Emergency Repair Kits
Selects Command Panzer IV F Medium Tank
Walking Stuka Rocket Launcher
Selects Salvage Kits
Selects Panzer Storm
Walking Stuka Rocket Launcher
Panzer Storm
Tiger Heavy Tank
Selects Stuka Anti-tank Loiter
Veteran Squad Leaders
Rapid Advance
Advanced Optics
Panzer Storm
Stuka Anti-tank Loiter
明日何夕
GoodTime
Sumeng
..................
roshawnkne
S1L
Ghost
wudi
0
0
Comments
sign in to comment!
No comments posted yet!